 Dungeon Crawl Stone Soup version 0.29-a0-298-g3c90f9a769 (webtiles) character file.

Game seed: 7357712067752295922

4 GabrielManson the Stinger (level 1, 0/14 HPs)
             Began as a Draconian Venom Mage on Mar 23, 2022.
             Slain by a jackal (2 damage)
             ... on level 1 of the Dungeon.
             The game lasted 00:01:13 (118 turns).

GabrielManson the Stinger (Draconian Venom Mage)     Turns: 118, Time: 00:01:14

Health: 0/14       AC:  4    Str: 10    XL:     1   Next: 58%
Magic:  0/3        EV: 12    Int: 15    God:
Gold:   20         SH:  0    Dex: 11    Spells: 3/4 levels left

rFire   . . .      SeeInvis .   (no weapon)
rCold   . . .      Faith    .   (no shield)
rNeg    . . .      Spirit   .   (body armour unavailable)
rPois   .          Reflect  .   (helmet restricted)
rElec   .          Harm     .   (no cloak)
rCorr   .          Rampage  .   (no gloves)
Will    .....                   (no boots)
Stlth   ++........              (no amulet)
HPRegen 0.04/turn               (no ring)
MPRegen 0.08/turn               (no ring)

@: no status effects
A: AC +4, unfitting armour, cold-blooded
a: no special abilities


You were on level 1 of the Dungeon.
You visited 1 branch of the dungeon, and saw 1 of its levels.

You collected 20 gold pieces.

Inventory:

Potions
 a - a potion of magic


   Skills:
 + Level 1.8 Dodging
 + Level 1.9 Stealth
 + Level 2.0 Spellcasting
 + Level 1.1 Transmutations
 + Level 3.0 Poison Magic


You had 3 spell levels left.
You knew the following spells:

 Your Spells              Type           Power      Damage    Failure   Level
a - Sting                 Tmut/Pois      28%        1d4       10%         1

Your spell library contained the following spells:

 Spells                   Type           Power      Damage    Failure   Level
 Poisonous Vapours        Pois/Air       12%        N/A       19%         2
 Mephitic Cloud           Conj/Pois/Air  4%         N/A       41%         3
 Olgreb's Toxic Radiance  Pois           10%        N/A       52%         4


Dungeon Overview and Level Annotations

Branches:
Dungeon (1/15)

Altars:


Innate Abilities, Weirdness & Mutations

Your plain brown scales are hard. (AC +4)
You cannot fit into any form of body armour.
You are cold-blooded and may be slowed by cold attacks.


Message History

Confirm with . or Enter, or press ? or * to list all spells.
Aiming: Sting (safe; 10% risk of failure)
Press: ? - help, Shift-Dir - straight line, f - kobold
Aim: a kobold, wielding a +0 dagger and quivering stones (60% to hit)
The sting hits the jackal but does no damage.
The jackal is poisoned.
The jackal closely misses you. x2
You hit the jackal.
The jackal is severely wounded.
You kill the jackal!
You barely miss the jackal. You tail-slap the jackal.
The jackal is moderately wounded.
The jackal bites you. The jackal closely misses you.
The jackal attacks as you move away! The jackal closely misses you.
Found a stone staircase leading down.
The jackal bites you. The jackal attacks as you move away!
The jackal bites you.
* * * LOW HITPOINT WARNING * * *
Casting: Sting (safe; 10% risk of failure)
Confirm with . or Enter, or press ? or * to list all spells.
Aiming: Sting (safe; 10% risk of failure)
Press: ? - help, Shift-Dir - straight line, f - jackal, p - kobold
Aim: a jackal (moderately wounded, 60% to hit)
The sting hits the jackal but does no damage.
The jackal is poisoned.
The jackal is moderately wounded.
The jackal bites you.
* * * LOW HITPOINT WARNING * * *
The jackal bites you.
* * * LOW HITPOINT WARNING * * *
The jackal attacks as you move away! The jackal barely misses you.
The kobold throws a stone.
The stone misses you. The jackal attacks as you move away!
The jackal bites you but does no damage.
Okay, then.
As you read the scroll labelled ROOTUKHL WYBBU, it crumbles to dust.
It is a scroll of identify.
You don't have any unidentified items.
You kill the jackal!
The jackal bites you.
You die...

.# ###.#......... .#
#.#.........# '#
#...........#
.#######.........# .#..##
#.........# # .#.#.#
#.........+ .# . ..#..#
#.........#######.#.#
...#####.r..................
<.....+.........@.g.......>.
...####.#######..h.......#
..#..#..# #....#.#####
.#.#.#.## #...K#.#
.#..##.#### #...?#.#
.####.....#####....#†#
+#....###.##.........#
...### #.......####.# #.
#.###....###.###


You could see a jackal, a hobgoblin, a kobold and a rat.

Vanquished Creatures
  An endoplasm (D:1)
  3 jackals (D:1)
  A kobold (D:1)
5 creatures vanquished.

Notes
Turn   | Place    | Note
-------+----------+-------------------------------------------
     0 | D:1      | GabrielManson the Draconian Venom Mage began the quest for
                  | the Orb.
     0 | D:1      | Reached XP level 1. HP: 14/14 MP: 3/3
   118 | D:1      | Slain by a jackal

Illustrated notes

Levels and vault maps discovered:
D:1:      nzn_arrival_crosshair, layout_basic,
          hellmonk_ecumenical_altar_crossroads, minmay_pentomino_s4

Action                   || total
-------------------------++-------
Melee: Unarmed           ||    14
       Tailslap          ||     5
 Cast: Sting             ||     5
  Use: Scroll            ||     1
Armor: Skin              ||     7
Dodge: Dodged            ||    18

Table legend: (Time is in decaauts)
 A = Elapsed time spent in this place.
 B = Non-inter-level travel time spent in this place.
 C = Inter-level travel time spent in this place.
 D = Time resting spent in this place.
 E = Time spent auto-exploring this place.
 F = Levels seen in this place.
 G = Mean time per level.
                   A        B        C        D        E       F      G
               +--------+--------+--------+--------+--------+-----+--------+
         Total |    118 |    118 |      0 |      0 |     74 |   1 |  118.0 |
       Dungeon |    118 |    118 |      0 |      0 |     74 |   1 |  118.0 |
               +--------+--------+--------+--------+--------+-----+--------+

Top non-repeatable levels by time:
     D:1: 118 daAuts
